[ PARTIDA AOE2 · #482745708 ]
1v1 RMLituanos vs Burgundians
Equipo del jugador · DERR
Equipo rival · VICT
[ ANÁLISIS DE REPETICIÓN · EXTRAÍDO DE LA PARTIDA GRABADA ]
Feudal
10:59
Castillos
14:54
Imperial
31:25
| APM promedio | 22.2 |
| APM pico | 52 |
| eAPM promedio | 17.1 |
| Aldeanos / militares | 137 / 285 |
Foco
⚔️ 25.0% · 🌾 75.0%
Spearman ×170 · Knight ×86 · Militia ×16 · Leitis ×10 · Monk ×3
Feudal
—
Castillos
—
Imperial
—
| APM promedio | 23.4 |
| APM pico | 66 |
| eAPM promedio | 15.8 |
| Aldeanos / militares | 121 / 154 |
Foco
⚔️ 25.1% · 🌾 74.9%
Knight ×97 · Hand Cannoneer ×51 · Trebuchet (Packed) ×4 · Monk ×2
Mapa de la partida
Recursos iniciales + cada clic de construcción. Líneas = muros · curvas = relieve. ◆ oro · ⬟ piedra · ● bayas · ✦ reliquia · ◌ hueco del cierre
Tu base· ✓ Cerrada en 14:54 · 0t muro · 3 puerta(s)
Base de Mullderifter· ✓ Cerrada en 11:50 · 0t muro · 2 puerta(s)
Terreno inicial suavizado · ◌ = hueco del cierre detectado · pasá el cursor para detalles
Inputs por minuto
— Kokadi - - Mullderifter
Build order — Kokadi
Primeras 150 de 408 acciones detectadas
| 0:03 | Crear | Villager (Male) ×5 |
| 0:03 | Crear | Villager (Male) ×5 |
| 0:03 | Crear | Villager (Male) |
| 0:06 | Construir | House |
| 0:07 | Construir | House |
| 0:08 | Construir | House |
| 1:38 | Crear | Villager (Male) |
| 1:48 | Construir | Lumber Camp |
| 2:16 | Crear | Villager (Male) |
| 2:41 | Crear | Villager (Male) |
| 3:03 | Crear | Villager (Male) |
| 3:17 | Crear | Villager (Male) |
| 4:00 | Crear | Villager (Male) |
| 4:16 | Construir | Mill |
| 4:58 | Crear | Villager (Male) |
| 5:07 | Construir | Lumber Camp |
| 5:26 | Crear | Villager (Male) |
| 5:44 | Crear | Villager (Male) |
| 5:45 | Crear | Villager (Male) |
| 5:45 | Crear | Villager (Male) |
| 5:56 | Construir | House |
| 6:02 | Crear | Villager (Male) |
| 6:32 | Construir | Mining Camp |
| 7:15 | Crear | Villager (Male) |
| 7:27 | Construir | House |
| 7:53 | Crear | Villager (Male) |
| 8:01 | Construir | Mill |
| 8:24 | Crear | Villager (Male) |
| 8:48 | Investigar | Feudal Age |
| 8:53 | Construir | Farm |
| 9:00 | Construir | Farm |
| 9:01 | Construir | Farm |
| 9:03 | Construir | Farm |
| 10:03 | Crear | Villager (Male) |
| 10:04 | Crear | Villager (Male) |
| 10:59 | Edad | Edad Feudal |
| 11:04 | Construir | Market |
| 11:09 | Construir | Blacksmith |
| 11:41 | Construir | House |
| 11:47 | Crear | Villager (Male) |
| 12:12 | Investigar | Castle Age |
| 13:06 | Construir | Farm |
| 13:06 | Construir | Farm |
| 13:06 | Construir | Farm |
| 13:07 | Construir | Farm |
| 13:08 | Construir | Farm |
| 13:11 | Construir | Farm |
| 13:14 | Construir | Farm |
| 13:25 | Construir | Farm |
| 13:44 | Crear | Villager (Male) |
| 13:44 | Crear | Villager (Male) |
| 14:14 | Investigar | Double-Bit Axe |
| 14:18 | Investigar | Horse Collar |
| 14:33 | Investigar | Gold Mining |
| 14:46 | Investigar | Wheelbarrow |
| 14:49 | Crear | Villager (Male) |
| 14:50 | Crear | Villager (Male) |
| 14:54 | Edad | Edad de los Castillos |
| 15:18 | Construir | Monastery |
| 15:42 | Investigar | Bow Saw |
| 15:59 | Crear | Villager (Male) |
| 16:09 | Investigar | Heavy Plow |
| 16:10 | Crear | Monk |
| 16:31 | Crear | Monk |
| 16:53 | Construir | Town Center |
| 17:14 | Investigar | Forging |
| 17:17 | Crear | Villager (Male) |
| 17:17 | Crear | Villager (Male) |
| 17:33 | Crear | Villager (Male) |
| 17:43 | Construir | Town Center |
| 17:45 | Crear | Villager (Male) |
| 18:09 | Crear | Monk |
| 18:12 | Construir | House |
| 18:13 | Construir | House |
| 18:14 | Construir | House |
| 18:17 | Crear | Villager (Male) |
| 18:18 | Crear | Villager (Male) |
| 18:18 | Crear | Villager (Male) |
| 18:20 | Crear | Villager (Male) |
| 19:05 | Construir | Barracks |
| 19:13 | Investigar | Loom |
| 19:14 | Investigar | Town Watch |
| 19:14 | Crear | Villager (Male) |
| 19:16 | Crear | Villager (Male) |
| 19:29 | Construir | House |
| 19:31 | Construir | House |
| 19:38 | Crear | Villager (Male) ×5 |
| 19:51 | Construir | Town Center |
| 19:54 | Crear | Villager (Male) ×2 |
| 20:24 | Crear | Villager (Male) |
| 20:32 | Construir | Farm |
| 20:32 | Construir | Farm |
| 20:32 | Construir | Farm |
| 20:32 | Construir | Farm |
| 20:33 | Construir | Farm |
| 20:33 | Construir | Farm |
| 20:33 | Construir | Farm |
| 20:33 | Construir | Farm |
| 20:34 | Construir | Farm |
| 20:34 | Construir | Farm |
| 20:34 | Construir | Farm |
| 20:35 | Construir | Farm |
| 20:35 | Construir | Farm |
| 20:36 | Construir | Farm |
| 20:36 | Construir | Farm |
| 20:36 | Construir | Farm |
| 20:37 | Construir | Farm |
| 20:37 | Construir | Farm |
| 20:37 | Construir | Farm |
| 20:38 | Construir | Farm |
| 20:38 | Construir | Farm |
| 20:38 | Construir | Farm |
| 20:39 | Construir | Farm |
| 20:39 | Construir | Farm |
| 20:39 | Construir | Farm |
| 20:40 | Construir | Farm |
| 20:57 | Crear | Villager (Male) ×2 |
| 20:57 | Crear | Villager (Male) ×2 |
| 21:03 | Construir | Farm |
| 21:03 | Construir | Farm |
| 21:03 | Construir | Farm |
| 21:03 | Construir | Farm |
| 21:04 | Construir | Farm |
| 21:04 | Construir | Farm |
| 21:04 | Construir | Farm |
| 21:04 | Construir | Farm |
| 21:18 | Crear | Villager (Male) ×4 |
| 21:31 | Construir | Lumber Camp |
| 21:49 | Crear | Villager (Male) ×2 |
| 22:13 | Construir | Stable |
| 22:24 | Crear | Villager (Male) ×4 |
| 22:24 | Crear | Villager (Male) ×4 |
| 22:27 | Construir | House |
| 22:28 | Construir | House |
| 22:29 | Construir | House |
| 22:31 | Construir | House |
| 22:32 | Construir | House |
| 22:33 | Construir | House |
| 22:44 | Investigar | Iron Casting |
| 22:44 | Investigar | Scale Barding Armor |
| 22:51 | Crear | Villager (Male) ×5 |
| 22:52 | Crear | Villager (Male) |
| 22:52 | Crear | Villager (Male) |
| 23:07 | Construir | Farm |
| 23:07 | Construir | Farm |
| 23:07 | Construir | Farm |
| 23:08 | Construir | Farm |
| 23:08 | Construir | Farm |
| 23:08 | Construir | Farm |
| 23:08 | Construir | Farm |
Build order — Mullderifter
Primeras 150 de 309 acciones detectadas
| 0:00 | Crear | Villager (Male) |
| 0:00 | Crear | Villager (Male) |
| 0:00 | Crear | Villager (Male) |
| 0:01 | Crear | Villager (Male) |
| 0:02 | Construir | House |
| 0:04 | Construir | House |
| 1:32 | Crear | Villager (Male) |
| 1:47 | Construir | Lumber Camp |
| 1:57 | Crear | Villager (Male) |
| 2:19 | Crear | Villager (Male) |
| 2:45 | Crear | Villager (Male) |
| 2:58 | Crear | Villager (Male) |
| 3:29 | Crear | Villager (Male) |
| 3:45 | Crear | Villager (Male) |
| 3:51 | Construir | House |
| 3:53 | Construir | House |
| 4:15 | Construir | Mill |
| 4:25 | Crear | Villager (Male) |
| 4:25 | Crear | Villager (Male) |
| 5:12 | Crear | Villager (Male) |
| 5:13 | Crear | Villager (Male) |
| 5:13 | Crear | Villager (Male) |
| 5:59 | Construir | Mill |
| 6:32 | Crear | Villager (Male) |
| 6:32 | Crear | Villager (Male) |
| 7:05 | Crear | Villager (Male) |
| 7:06 | Crear | Villager (Male) |
| 7:25 | Investigar | Double-Bit Axe |
| 7:29 | Construir | House |
| 8:07 | Construir | Mining Camp |
| 8:26 | Investigar | Feudal Age |
| 9:09 | Crear | Villager (Male) |
| 9:09 | Crear | Villager (Male) |
| 9:46 | Construir | Farm |
| 9:47 | Construir | Farm |
| 9:57 | Construir | House |
| 10:38 | Construir | Blacksmith |
| 10:39 | Construir | Market |
| 11:33 | Crear | Villager (Male) |
| 11:50 | Investigar | Castle Age |
| 12:22 | Construir | Farm |
| 12:24 | Construir | Farm |
| 12:25 | Construir | Farm |
| 12:26 | Construir | Farm |
| 12:28 | Construir | Farm |
| 12:30 | Construir | Farm |
| 12:45 | Investigar | Bow Saw |
| 13:23 | Crear | Villager (Male) |
| 13:23 | Crear | Villager (Male) |
| 13:28 | Investigar | Loom |
| 13:28 | Crear | Villager (Male) |
| 13:28 | Crear | Villager (Male) |
| 14:17 | Investigar | Horse Collar |
| 14:39 | Construir | Town Center |
| 14:52 | Construir | Monastery |
| 15:05 | Crear | Villager (Male) |
| 15:05 | Crear | Villager (Male) |
| 15:17 | Construir | Lumber Camp |
| 15:40 | Crear | Monk |
| 15:53 | Crear | Monk |
| 15:56 | Crear | Villager (Male) |
| 15:56 | Crear | Villager (Male) |
| 16:23 | Crear | Villager (Male) |
| 16:23 | Crear | Villager (Male) |
| 16:39 | Construir | Farm |
| 16:44 | Crear | Villager (Male) |
| 16:45 | Crear | Villager (Male) |
| 16:55 | Construir | Farm |
| 16:56 | Construir | Farm |
| 17:11 | Construir | Town Center |
| 17:14 | Crear | Villager (Male) |
| 17:14 | Crear | Villager (Male) |
| 17:20 | Construir | Farm |
| 17:24 | Construir | Farm |
| 17:44 | Construir | House |
| 17:45 | Construir | House |
| 17:46 | Construir | House |
| 17:47 | Construir | House |
| 17:50 | Investigar | Wheelbarrow |
| 18:16 | Crear | Villager (Male) |
| 18:17 | Crear | Villager (Male) |
| 18:18 | Crear | Villager (Male) |
| 18:18 | Crear | Villager (Male) |
| 18:41 | Construir | Farm |
| 18:47 | Crear | Villager (Male) |
| 18:47 | Crear | Villager (Male) |
| 19:01 | Construir | Farm |
| 19:04 | Crear | Villager (Male) |
| 19:04 | Crear | Villager (Male) |
| 19:22 | Crear | Villager (Male) |
| 19:22 | Crear | Villager (Male) |
| 19:25 | Construir | Farm |
| 19:27 | Construir | Farm |
| 19:39 | Construir | Town Center |
| 19:42 | Crear | Villager (Male) |
| 19:43 | Crear | Villager (Male) |
| 19:46 | Crear | Villager (Male) |
| 19:46 | Crear | Villager (Male) |
| 19:49 | Construir | House |
| 19:50 | Construir | House |
| 19:52 | Construir | House |
| 19:54 | Construir | House |
| 20:06 | Crear | Villager (Male) |
| 20:06 | Crear | Villager (Male) |
| 20:06 | Crear | Villager (Male) |
| 20:16 | Investigar | Hand Cart |
| 20:36 | Construir | Farm |
| 20:37 | Construir | Farm |
| 20:40 | Construir | Farm |
| 20:40 | Construir | Farm |
| 20:41 | Construir | Farm |
| 20:42 | Construir | Farm |
| 20:44 | Construir | Farm |
| 20:45 | Construir | Farm |
| 20:47 | Construir | Farm |
| 20:48 | Construir | Farm |
| 20:48 | Construir | Farm |
| 20:48 | Construir | Farm |
| 20:57 | Construir | Farm |
| 21:07 | Construir | Farm |
| 21:10 | Construir | Farm |
| 21:12 | Crear | Villager (Male) |
| 21:13 | Crear | Villager (Male) |
| 21:13 | Crear | Villager (Male) |
| 21:15 | Crear | Villager (Male) |
| 21:15 | Crear | Villager (Male) |
| 21:38 | Crear | Villager (Male) |
| 21:46 | Construir | Mining Camp |
| 21:47 | Investigar | Gold Mining |
| 21:50 | Crear | Villager (Male) |
| 21:50 | Crear | Villager (Male) |
| 21:50 | Crear | Villager (Male) |
| 21:58 | Construir | Lumber Camp |
| 22:04 | Construir | Lumber Camp |
| 22:11 | Construir | Farm |
| 22:15 | Construir | House |
| 22:16 | Construir | House |
| 22:17 | Construir | House |
| 22:21 | Construir | Farm |
| 22:31 | Construir | Farm |
| 22:36 | Crear | Villager (Male) ×5 |
| 22:47 | Construir | Farm |
| 22:56 | Crear | Villager (Male) |
| 22:56 | Crear | Villager (Male) |
| 22:56 | Crear | Villager (Male) |
| 22:59 | Construir | Farm |
| 23:01 | Construir | Farm |
| 23:10 | Construir | Farm |
| 23:16 | Investigar | Heavy Plow |
| 23:19 | Crear | Villager (Male) |
Cronología de la partida
| 10:59 | Kokadi · age_up feudal |
| 11:40 | Mullderifter · first_market_sell 100 stone |
| 11:45 | Mullderifter · first_market_buy 100 food |
| 12:10 | Kokadi · first_market_buy 100 food |
| 14:52 | Mullderifter · first_building Monastery |
| 14:54 | Kokadi · age_up castle |
| 15:18 | Kokadi · first_building Monastery |
| 19:05 | Kokadi · first_building Barracks |
| 22:13 | Kokadi · first_building Stable |
| 26:15 | Kokadi · first_building Castle |
| 27:11 | Mullderifter · first_building Barracks |
| 27:59 | Mullderifter · first_building Stable |
| 30:22 | Mullderifter · first_building Castle |
| 31:25 | Kokadi · age_up imperial |
| 34:14 | Mullderifter · first_building Archery Range |
| 42:37 | Kokadi · resign |
[ ANÁLISIS IA · 1 CRÉDITO ]
¿Qué pasó realmente en esta partida?
Wolo.gg analiza cada decisión: build order, eco, micro, errores típicos por bracket. Análisis personalizado por WhatsApp o Discord en 30 segundos.
Guía civ
Lituanos
Guía mapa
Arena
Perfil
Jugador #1068722